 Dungeon Crawl Stone Soup version 0.29-a0-721-g7f417c9bbb (webtiles) character file.

Game seed: 8924686152092880127

119 porpoise the Caller (level 5, -1/31 HPs)
             Began as a Tengu Summoner on June 28, 2022.
             Slain by a goblin
             ... wielding a +0 club
             ... led by Robin
              (3 damage)
             ... on level 2 of the Dungeon.
             The game lasted 00:05:49 (2092 turns).

porpoise the Caller (Tengu Summoner)                Turns: 2092, Time: 00:05:50

Health: -1/31      AC:  3    Str: 10    XL:     5   Next: 3%
Magic:  6/10       EV: 14    Int: 16    God:
Gold:   81         SH:  0    Dex: 14    Spells: 7/10 levels left

rFire   . . .      SeeInvis .   a - +0 short sword
rCold   . . .      Faith    .   (no shield)
rNeg    . . .      Spirit   .   d - +0 leather armour
rPois   .          Reflect  .   (helmet restricted)
rElec   .          Harm     .   (no cloak)
rCorr   .          Rampage  .   (no gloves)
Will    .....                   (boots unavailable)
Stlth   ++........              (no amulet)
HPRegen 0.10/turn               (no ring)
MPRegen 0.12/turn               (no ring)

@: flying quickly and evasively, quick
A: beak, talons 3, nimble flight
a: no special abilities


You were on level 2 of the Dungeon.
You visited 1 branch of the dungeon, and saw 2 of its levels.

You collected 81 gold pieces.

Inventory:

Hand Weapons
 a - a +0 short sword (weapon)
Missiles
 c - 3 atropa-tipped darts
 l - 6 poisoned darts
Armour
 d - a +0 leather armour (worn)
Scrolls
 e - a scroll of teleportation {unknown}
 g - 3 scrolls of blinking {unknown}
 j - a scroll of magic mapping {unknown}
 n - a scroll of immolation {unknown}
Potions
 b - a potion of magic
 f - a potion of heal wounds
 h - 2 potions of haste {unknown}
 i - a potion of lignification
 k - a potion of might {unknown}
 m - 2 potions of ambrosia


   Skills:
 + Level 2.5 Fighting
 + Level 0.2 Short Blades
 - Level 2.1 Dodging
 - Level 2.0 Stealth
 - Level 3.0 Spellcasting
 + Level 5.8 Summonings


You had 7 spell levels left.
You knew the following spells:

 Your Spells              Type           Power      Damage    Failure   Level
a - Summon Small Mammal   Summ           84%        N/A       2%          1
b - Call Imp              Summ           21%        N/A       3%          2

Your spell library contained the following spells:

 Spells                   Type           Power      Damage    Failure   Level
 Call Canine Familiar     Summ           21%        N/A       7%          3
 Summon Guardian Golem    Hex/Summ       11%        N/A       24%         3
 Conjure Flame            Conj/Fire      2%         6-21      58%         3
 Ignite Poison            Fire/Tmut/Pois 2%         N/A       58%         3
 Summon Lightning Spire   Summ/Air       11%        N/A       61%         4
 Sticky Flame             Conj/Fire      2%         2d3       94%         4


Dungeon Overview and Level Annotations

Branches:
Dungeon (2/15)

Altars:

Annotations:
D:2 Robin


Innate Abilities, Weirdness & Mutations

You have a beak for a mouth.
You have claws for feet.
Your magical nature lets you fly swiftly and evasively.


Message History

Your quokka closely misses the goblin.
Your crimson imp misses the goblin.
Your bat closely misses the goblin.
You miss the goblin.
The goblin is moderately wounded.
Your bat hits the goblin. The hobgoblin closely misses you.
The goblin hits you with a +0 club.
Your quokka bites the goblin.
The goblin dies!
The goblin hits you but does no damage. The goblin hits you with a +0 dagger.
Robin throws the goblin at you! The goblin barely misses you.
The goblin closely misses you.
Your crimson imp completely misses the goblin.
You closely miss the goblin. Your bat hits the goblin.
Your quokka bites the goblin.
The goblin dies!
The hobgoblin hits you. The goblin hits you with a +0 club.
* * * LOW HITPOINT WARNING * * *
The goblin hits you with a +0 dagger.
* * * LOW HITPOINT WARNING * * *
The goblin misses you.
Your crimson imp hits the goblin.
You have reached level 5!
Your magical nature develops, letting you fly swiftly and evasively.
You barely miss the goblin. You peck the goblin.
You kill the goblin!
Your bat closely misses the goblin.
The goblin closely misses you.
The hobgoblin closely misses your quokka.
The goblin hits you but does no damage. The goblin barely misses your quokka.
The goblin misses your crimson imp.
Your quokka bites the goblin.
The goblin dies!
The goblin hits you with a +0 dagger.
* * * LOW HITPOINT WARNING * * *
The hobgoblin hits your quokka but does no damage.
The goblin misses you.
Robin says, "Bow before me, strongest of all the hobgoblins!"
Robin barely misses your crimson imp.
You hit the hobgoblin but do no damage. Your kick misses the hobgoblin.
Your bat hits the goblin.
Your quokka bites the hobgoblin.
Your crimson imp blinks!
The goblin hits you but does no damage. The goblin misses you.
The goblin hits you with a +0 club.
You die...

#.# #.......#.#.........#
..# )....#..#.#.........#
..###.............###...#
.... ...........# #####
### ...........# #
...........# #
...........# #
......5.g..# #
.......bg@r# ........ggg#
........g....
.........$...).
...............#
#######.......# #.......#
#.......#


You could see Robin, a hobgoblin (strong, ally target), 4 goblins, a friendly
crimson imp (summoned), a friendly quokka (summoned) and a friendly bat
(summoned).

Vanquished Creatures
  2 adders (D:2)
  A dart slug (D:1)
  5 ball pythons
  An endoplasm (D:1)
  2 giant cockroaches (D:1)
  7 goblins
  2 hobgoblins (D:1)
  A jackal (D:2)
  3 kobolds (D:1)
  3 bats (D:1)
  A frilled lizard (D:2)
  3 rats (D:1)
  A bush (D:1)
32 creatures vanquished.

Vanquished Creatures (collateral kills)
  Natasha (twice) (D:2)
  A ball python (D:1)
  An endoplasm (D:1)
  A giant cockroach (D:1)
  5 goblins (D:2)
  A jackal (D:2)
  2 kobolds
  2 rats (D:1)
15 creatures vanquished.

Vanquished Creatures (others)
  A fungus (D:1)
  2 plants (D:1)
3 creatures vanquished.

Grand Total: 50 creatures vanquished

Notes
Turn   | Place    | Note
-------+----------+-------------------------------------------
     0 | D:1      | porpoise the Tengu Summoner began the quest for the Orb.
     0 | D:1      | Reached XP level 1. HP: 10/10 MP: 4/4
    94 | D:1      | Reached skill level 5 in Summonings
    94 | D:1      | Reached XP level 2. HP: 15/16 MP: 3/6
   143 | D:1      | Learned a level 2 spell: Call Imp
   189 | D:1      | Reached skill level 1 in Fighting
   235 | D:1      | Found a faded altar of an unknown god.
   540 | D:1      | Reached XP level 3. HP: 20/20 MP: 7/7
  1740 | D:2      | Noticed Natasha
  1748 | D:2      | Killed Natasha
  1749 | D:2      | Reached XP level 4. HP: 9/26 MP: 4/9
  1950 | D:2      | Noticed Natasha
  1954 | D:2      | Killed Natasha
  2080 | D:2      | Noticed Robin
  2091 | D:2      | Gained mutation: Your magical nature lets you fly swiftly
                  | and evasively. [Tengu growth]
  2091 | D:2      | Reached XP level 5. HP: 3/31 MP: 6/10
  2092 | D:2      | Slain by a goblin

Illustrated notes

Levels and vault maps discovered:
D:1:      lemuel_arrival_tunnels, layout_basic,
          shapermc_ecumenical_altar_mp_ritualfount,
          minmay_misc_feat_secret_circle, minmay_hedge_maze,
          minmay_three_crescents
D:2:      layout_basic, uniq_robin, uniq_natasha, uniq_jessica

Skill      XL: |  1  2  3  4 |
---------------+-------------+-----
Summonings     | 5 |  5.8
Fighting       | 1 2 |  2.5
Spellcasting   | 3 |  3.0
Short Blades   | |  0.2
Dodging        | |  2.1
Stealth        | |  2.0

Action                   |  1- 3 |  4- 6 || total
-------------------------+-------+-------++-------
Melee: Short sword       |   138 |    15 ||   153
       Kick              |    56 |     2 ||    58
       Peck              |    34 |     2 ||    36
 Cast: Summon Small Mamm |    22 |     5 ||    27
       Call Imp          |     5 |     3 ||     8
  Use: Scroll            |     3 |       ||     3
Armor: Robe              |     1 |       ||     1
       Leather armour    |    24 |    11 ||    35
Dodge: Dodged            |    25 |    32 ||    57

Table legend: (Time is in decaauts)
 A = Elapsed time spent in this place.
 B = Non-inter-level travel time spent in this place.
 C = Inter-level travel time spent in this place.
 D = Time resting spent in this place.
 E = Time spent auto-exploring this place.
 F = Levels seen in this place.
 G = Mean time per level.
                   A        B        C        D        E       F      G
               +--------+--------+--------+--------+--------+-----+--------+
         Total |   2106 |   2027 |     79 |    594 |    956 |   2 | 1053.0 |
       Dungeon |   2106 |   2027 |     79 |    594 |    956 |   2 | 1053.0 |
               +--------+--------+--------+--------+--------+-----+--------+

Top non-repeatable levels by time:
     D:1: 1379 daAuts
     D:2: 726 daAuts
